 Dungeon Sprint DCSS version 0.16-a0-4053-g5391420 (webtiles) character file.

6190 BluebellGnoll the Slayer (level 10, -13/143 HPs)
             Began as an Ogre Hunter on Feb 20, 2015.
             Was the Champion of Vehumet.
             Mangled by a dire elephant (15 damage)
             ... in the Dungeon (Sprint IX: "|||||||||||||||||||||||||||||").
             The game lasted 00:11:15 (1539 turns).

BluebellGnoll the Slayer (Ogre Hunter)              Turns: 1539, Time: 00:11:16

Health: -13/143    AC:  3    Str: 22    XL:     10   Next: 91%
Magic:  25/25      EV: 12    Int: 13    God:    Vehumet [******]
Gold:   0          SH:  0    Dex: 10    Spells: 2 memorised, 18 levels left

rFire  . . .     SeeInvis .     q - +2 dire flail (crush)
rCold  . . .     Clarity  .     d - +0 animal skin
rNeg   . . .     SustAb   .     (shield restricted)
rPois  .         Gourm    .     (helmet restricted)
rElec  .         Spirit   .     (no cloak)
rCorr  .         Warding  .     (gloves unavailable)
rMut   .         NoTele   +     (boots unavailable)
MR     +....                    (no amulet)
Stlth  +.........               r - +2 ring of evasion
                                a - +3 ring of strength

@: somewhat resistant to hostile enchantments, very unstealthy
A: unfitting armour, tough skin 1
a: Renounce Religion


You were in the Dungeon.
You worshipped Vehumet.
Vehumet was exalted by your worship.
You were not hungry.

You visited 1 branch

Inventory:

Hand weapons
 q - a +2 dire flail of crushing (weapon)
Missiles
 b - 2 large rocks (quivered)
 c - 2 throwing nets
 w - 8 stones
Armour
 d - a +0 animal skin (worn)
Magical staves
 p - an uncursed staff of energy
Jewellery
 a - a +3 ring of strength (left hand)
 r - a +2 ring of evasion (right hand)
Magical devices
 o - a wand of cold (3)
Scrolls
 k - 3 scrolls of blinking
 m - 3 scrolls of remove curse
 n - 2 scrolls of amnesia
 u - 4 scrolls of enchant weapon
 v - 2 scrolls of fear
Potions
 e - 7 potions of curing
 g - 4 potions of heal wounds
 h - a potion of invisibility
 i - 4 potions of magic
 j - a potion of berserk rage
 l - a potion of agility
 s - a potion of cure mutation
 t - a potion of restore abilities
Comestibles
 f - a meat ration


   Skills:
 - Level 21.0 Fighting
 - Level 15.6 Maces & Flails
 - Level 11.2 Throwing
 - Level 1.7 Dodging
 - Level 0.7 Stealth
 - Level 7.3 Spellcasting
 + Level 5.0 Conjurations


You had 18 spell levels left.
You knew the following spells:

 Your Spells              Type           Power        Failure   Level  Hunger
a - Throw Flame           Conj/Fire      ##....       2%          2    #......
b - Stone Arrow           Conj/Erth      ##....       4%          3    ##.....


Dungeon Overview and Level Annotations

Branches:
Dungeon (1/1)

Altars:
Cheibriados
Dithmenos
Elyvilon
Fedhas
Gozag
Kikubaaqudgha
Makhleb
Nemelex Xobeh
Okawaru
Qazlal
Ru
Sif Muna
Trog
Vehumet
Xom
Yredelemnul
Zin
The Shining One
Beogh
Jiyva
Lugonu


Innate Abilities, Weirdness & Mutations

You are too large for most types of armour.
You have tough skin (AC +1).


Message History

Aim: a dire elephant (heavily wounded)
You throw a large rock. The large rock hits the dire elephant.
The dire elephant is heavily wounded.
The dire elephant tramples you!!
* * * LOW HITPOINT WARNING * * *
You stumble backwards!
Drink which item? (? for menu, Esc to quit)
You feel much better. The dire elephant closely misses you.
The dire elephant trunk-slaps you.
* * * LOW HITPOINT WARNING * * *
Throwing (i - inventory. (,) - cycle):
b - 3 large rocks (quivered)
Press: ? - help, Shift-Dir - straight line, f/p - dire elephant
Aim: a dire elephant (heavily wounded)
You throw a large rock.
The large rock hits the dire elephant!!!
The dire elephant is almost dead.
The dire elephant tramples you!!!
* * * LOW HITPOINT WARNING * * *
You hold your ground!
The dire elephant trunk-slaps you!
You die...

▓▓▓▓▓▓▓▓▓▓▓▓▓▓▓▓▓▓▓▓▓▓▓▓▓▓▓▓▓▓▓▓▓
...'_____________________'...÷%')
▓▓▓▓▓▓▓▓▓▓▓▓▓▓▓▓▓▓▓▓▓▓▓▓▓▓▓▓▓▓▓▓▓
................@YY(.............
▓▓▓▓▓▓▓▓▓▓▓▓▓▓▓▓▓▓▓▓▓▓▓▓▓▓▓▓▓▓▓▓▓
.'.........'.........÷.....[.....
▓▓▓▓▓▓▓▓▓▓▓▓▓▓▓▓▓▓▓▓▓▓▓▓▓▓▓▓▓▓▓▓▓


You could see a dire elephant and an elephant.

Vanquished Creatures
  A hydra (D)
  A hill giant (D)
  2 unseen horrors (D)
  A griffon (D)
  3 elephants (D)
  A black mamba (D)
  A gargoyle (D)
  A komodo dragon (D)
  A spiny frog (D)
  2 two-headed ogres (D)
  A yak (D)
  A hippogriff (D)
  A mottled dragon (D)
  3 porcupines (D)
  An orc warrior (D)
  An ogre (D)
  A giant frog (D)
  A wight (D)
  A crimson imp (D)
  A quasit (D)
  A hound (D)
  An iguana (D)
  2 adders (D)
  2 river rats (D)
  An adder skeleton (D)
  A bat (D)
  2 giant cockroaches (D)
  A goblin (D)
  2 hobgoblins (D)
  A quokka (D)
  A giant newt (D)
  A kobold (D)
  A rat (D)
43 creatures vanquished.

Vanquished Creatures (others)
  A spatial maelstrom (D)
1 creature vanquished.

Grand Total: 44 creatures vanquished

Notes
Turn   | Place    | Note
--------------------------------------------------------------
     0 | D        | BluebellGnoll, the Ogre Hunter, began the quest for the Orb.
     0 | D        | Reached XP level 1. HP: 22/22 MP: 1/1
     3 | D        | Banished a spatial maelstrom
    20 | D        | Reached skill level 5 in Fighting
   218 | D        | Noticed an ogre
   219 | D        | Reached skill level 1 in Maces & Flails
   219 | D        | Reached XP level 2. HP: 35/35 MP: 2/2
   221 | D        | Killed an ogre
   221 | D        | Reached skill level 9 in Maces & Flails
   221 | D        | Reached XP level 3. HP: 42/42 MP: 3/3
   221 | D        | Reached XP level 4. HP: 50/50 MP: 4/4
   228 | D        | Reached skill level 10 in Maces & Flails
   272 | D        | Found a glowing silver altar of Zin.
   272 | D        | Found a glowing golden altar of the Shining One.
   272 | D        | Found an ancient bone altar of Kikubaaqudgha.
   272 | D        | Found a basalt altar of Yredelemnul.
   272 | D        | Found a shimmering altar of Xom.
   272 | D        | Found a radiant altar of Vehumet.
   272 | D        | Found an iron altar of Okawaru.
   273 | D        | Found a burning altar of Makhleb.
   274 | D        | Found a deep blue altar of Sif Muna.
   275 | D        | Found a bloodstained altar of Trog.
   276 | D        | Found a sparkling altar of Nemelex Xobeh.
   277 | D        | Found a white marble altar of Elyvilon.
   278 | D        | Found a roughly hewn altar of Beogh.
   279 | D        | Found a viscous altar of Jiyva.
   280 | D        | Became a worshipper of Vehumet
   283 | D        | Found a corrupted altar of Lugonu.
   284 | D        | Found a blossoming altar of Fedhas.
   285 | D        | Found a snail-covered altar of Cheibriados.
   286 | D        | Found a shadowy altar of Dithmenos.
   287 | D        | Found a stormy altar of Qazlal.
   288 | D        | Found an opulent altar of Gozag.
   289 | D        | Found a sacrificial altar of Ru.
   327 | D        | Noticed a gargoyle
   327 | D        | Noticed a quasit
   327 | D        | Noticed an orc warrior
   327 | D        | Noticed a two-headed ogre
   327 | D        | Noticed a hill giant
   327 | D        | Noticed a two-headed ogre
   329 | D        | Killed an orc warrior
   329 | D        | Reached skill level 10 in Fighting
   329 | D        | Reached XP level 5. HP: 48/70 MP: 5/5
   330 | D        | Killed a two-headed ogre
   330 | D        | Reached skill level 14 in Fighting
   330 | D        | Reached XP level 6. HP: 43/89 MP: 6/6
   330 | D        | Killed a two-headed ogre
   330 | D        | Acquired Vehumet's first power
   330 | D        | Offered knowledge of Sting by Vehumet.
   330 | D        | Reached skill level 16 in Fighting
   330 | D        | Reached XP level 7. HP: 47/102 MP: 7/7
   337 | D        | Killed a hill giant
   337 | D        | Reached skill level 18 in Fighting
   337 | D        | Reached XP level 8. HP: 20/117 MP: 8/8
   339 | D        | Killed a gargoyle
   339 | D        | Reached skill level 19 in Fighting
   342 | D        | Killed a quasit
   675 | D        | Noticed a wight
   675 | D        | Noticed a crimson imp
   675 | D        | Noticed a mottled dragon
   678 | D        | Killed an unseen horror
   678 | D        | Offered knowledge of Sandblast by Vehumet.
   678 | D        | Reached XP level 9. HP: 116/128 MP: 9/9
   682 | D        | Killed a mottled dragon
   690 | D        | Killed an unseen horror
   692 | D        | Killed a wight
   692 | D        | Acquired Vehumet's second power
   700 | D        | Killed a crimson imp
   896 | D        | Noticed a porcupine
   896 | D        | Noticed a black mamba
   896 | D        | Noticed a hippogriff
   896 | D        | Noticed an iguana
   896 | D        | Noticed a spiny frog
   896 | D        | Noticed a giant frog
   900 | D        | Killed a spiny frog
   900 | D        | Offered knowledge of Throw Flame by Vehumet.
   900 | D        | Reached skill level 20 in Fighting
   902 | D        | Killed a giant frog
   905 | D        | Acquired Vehumet's third power
   907 | D        | Killed an iguana
   910 | D        | Killed a hippogriff
   912 | D        | Killed a porcupine
   914 | D        | Killed a black mamba
   914 | D        | Reached skill level 21 in Fighting
   914 | D        | Reached XP level 10. HP: 74/143 MP: 10/10
  1127 | D        | Learned a level 2 spell: Throw Flame
  1135 | D        | Noticed a porcupine
  1135 | D        | Noticed a porcupine
  1135 | D        | Noticed a yak
  1135 | D        | Noticed a griffon
  1135 | D        | Noticed a four-headed hydra
  1141 | D        | Noticed a hound
  1165 | D        | Offered knowledge of Stone Arrow by Vehumet.
  1171 | D        | Learned a level 3 spell: Stone Arrow
  1230 | D        | Killed a four-headed hydra
  1230 | D        | Offered knowledge of Sticky Flame by Vehumet.
  1237 | D        | Killed a griffon
  1250 | D        | Killed a yak
  1250 | D        | Reached skill level 15 in Maces & Flails
  1265 | D        | Killed a porcupine
  1286 | D        | Killed a porcupine
  1300 | D        | Noticed a komodo dragon
  1303 | D        | Killed a hound
  1307 | D        | Killed a komodo dragon
  1453 | D        | Noticed an elephant
  1453 | D        | Noticed an elephant
  1453 | D        | Noticed a dire elephant
  1453 | D        | Noticed an elephant
  1453 | D        | Noticed an elephant
  1453 | D        | Noticed an elephant
  1453 | D        | Noticed an elephant
  1460 | D        | Killed an elephant
  1460 | D        | Offered knowledge of Throw Icicle by Vehumet.
  1511 | D        | Killed an elephant
  1519 | D        | Killed an elephant
  1519 | D        | Reached skill level 5 in Conjurations
  1539 | D        | HP: 2/143 [dire elephant (37)]
  1539 | D        | Mangled by a dire elephant

Action                   |  1- 3 |  4- 6 |  7- 9 | 10-12 || total
-------------------------+-------+-------+-------+-------++-------
Melee: Short sword       |    20 |       |       |       ||    20
       Club              |       |    22 |       |       ||    22
       Dire flail        |       |       |    33 |    52 ||    85
Throw: Large rock        |     3 |       |    14 |    10 ||    27
 Cast: Throw Flame       |       |       |       |     7 ||     7
Evoke: Wand              |       |     2 |     2 |       ||     4
  Use: Potion            |     1 |       |       |     1 ||     2
  Eat: Chunk             |       |       |       |     3 ||     3
